 Dungeon Crawl Stone Soup version 0.23.1-37-gaa34b87 (webtiles) character file.

Game seed: 15528038955731640370

510 vishdafish the Changer (level 7, 0/47 HPs)
             Began as an Octopode Transmuter on Mar 21, 2019.
             Slain by a hound (3 damage)
             ... while paralysed by Grinder
             ... on level 5 of the Dungeon.
             The game lasted 00:06:16 (4100 turns).

vishdafish the Changer (Octopode Transmuter)        Turns: 4100, Time: 00:06:17

Health: 0/47       AC:  3    Str: 13    XL:     7   Next: 19%
Magic:  10/10      EV:  2    Int: 15    God:
Gold:   272        SH:  0    Dex: 13    Spells: 2/10 levels left

rFire    . . .     SeeInvis .     - Unarmed
rCold    . . .     Gourm    +   (no shield)
rNeg     . . .     Faith    .   (helmet restricted)
rPois    .         Spirit   .   d - amulet of the gourmand
rElec    .         Reflect  .   (no ring)
rCorr    .         Harm     .   (no ring)
MR       .....                  (no ring)
Stlth    +++.......             (no ring)
HPRegen  0.15/turn              (no ring)
MPRegen  0.12/turn              (no ring)
                                (no ring)
                                (no ring)

@: paralysed, marked
A: almost no armour, stealthy swim, amphibious, 8 rings, constrict 8, molten
scales 1, camouflage 1, robust 1, strong 1, gelatinous body 1
a: no special abilities


You were on level 5 of the Dungeon.
You were near starving.

You visited 1 branch of the dungeon, and saw 5 of its levels.

You collected 272 gold pieces.

Inventory:

Missiles
 a - 48 arrows
Jewellery
 d - an amulet of the gourmand (around mantle)
Wands
 f - a wand of iceblast (11)
Scrolls
 b - a scroll of noise
 e - a scroll of fog
 g - a scroll of enchant weapon {unknown}
 k - 2 scrolls of magic mapping
 m - a scroll of fear {unknown}
 o - a scroll of amnesia {unknown}
 p - a scroll of remove curse
 s - a scroll of teleportation {unknown}
 t - a scroll of identify
Potions
 h - a potion of resistance
 i - a potion of lignification
 j - a potion of agility
 l - 2 potions of flight
 n - 2 potions of haste
 q - a potion of curing {unknown}
 r - a potion of degeneration {unknown}
Comestibles
 c - 3 rations


   Skills:
 - Level 1.1 Fighting
 - Level 2.4 Dodging
 - Level 2.2 Stealth
 - Level 4.2 Unarmed Combat
 - Level 2.3 Spellcasting
 + Level 6.3 Transmutations


You had 2 spell levels left.
You knew the following spells:

 Your Spells              Type           Power        Failure   Level  Hunger
a - Beastly Appendage     Tmut           ###...       1%          1    #......
b - Sticks to Snakes      Tmut           ###.....     2%          2    ###....
c - Blade Hands           Tmut           ###.......   41%         5    ######.

Your spell library contained the following spells:

 Spells                   Type           Power        Failure   Level  Hunger
 Spider Form              Tmut/Pois      ##........   17%         3    ###....
 Ice Form                 Ice/Tmut       ##......     50%         4    #####..


Dungeon Overview and Level Annotations

Branches:
Dungeon (5/15)
 Temple: D:4-7

Altars:
The Shining One

Annotations:
D:5 Grinder


Innate Abilities, Weirdness & Mutations

You cannot wear most types of armour.
You are very stealthy in the water. (Stealth+)
You are amphibious.
You can wear up to eight rings at the same time.
You can use your tentacles to constrict eight enemies at once.
Your skin changes colour to match your surroundings (Stealth+).
Your rubbery body absorbs attacks. (AC +1, EV +1)
You are partially covered in molten scales. (AC +2)
You are robust. (+10% HP)
Your muscles are strong. (Str +2)


Message History

HP restored.
The hound bites you. Grinder gestures at you.
You suddenly lose the ability to move!
The hound bites you.
Grinder blinks!
The hound bites you.
The centaur wields a +0 shortbow.
The centaur shoots an arrow.
The arrow hits you! The hound bites you. The leopard gecko bites you.
The centaur shoots an arrow.
The arrow hits you. The hound bites you.
* * * LOW HITPOINT WARNING * * *
Grinder hits you.
* * * LOW HITPOINT WARNING * * *
You writhe in agony.
* * * LOW HITPOINT WARNING * * *
The leopard gecko bites you.
* * * LOW HITPOINT WARNING * * *
The hound bites you.
* * * LOW HITPOINT WARNING * * *
The orc hits you.
* * * LOW HITPOINT WARNING * * *
The hound bites you.
You die...

#.........
#5######## #.####
#.o..# #o...#
#..c.# #....#
#.o..# #.@5.#
##.####lh[.#
#..l.......###
....####......####
#
####......######.#
+......'......#
#......######.#
#...#### #...#


You could see Grinder, a centaur, a hound, a shadow imp, 3 orcs and a leopard
gecko.

Vanquished Creatures
  Sigmund (D:3)
  A crimson imp (D:4)
  An orc priest (D:4)
  2 hounds (D:4)
  An orc wizard (D:4)
  A worker ant (D:4)
  5 adders
  5 gnolls
  2 oozes
  2 worms (D:2)
  2 dart slugs (D:1)
  A leopard gecko (D:1)
  7 orcs (D:4)
  3 bats
  3 giant cockroaches
  8 goblins
  7 hobgoblins
  4 jackals (D:1)
  6 kobolds
  2 quokkas
  2 ball pythons (D:2)
  7 frilled lizards
  A quokka skeleton (D:2)
  4 rats
78 creatures vanquished.

Notes
Turn   | Place    | Note
-------+----------+-------------------------------------------
     0 | D:1      | vishdafish the Octopode Transmuter began the quest for the
                  | Orb.
     0 | D:1      | Reached XP level 1. HP: 13/13 MP: 3/3
     9 | D:1      | Noticed an electric eel
   256 | D:1      | Reached XP level 2. HP: 4/18 MP: 5/5
   620 | D:1      | Reached XP level 3. HP: 18/23 MP: 6/6
  1087 | D:1      | Reached skill level 1 in Stealth
  1229 | D:2      | Reached XP level 4. HP: 26/28 MP: 7/7
  1604 | D:2      | Gained mutation: You are robust. (+10% HP) [potion of
                  | mutation]
  1604 | D:2      | Gained mutation: You are partially covered in molten
                  | scales. (AC +2) [potion of mutation]
  1604 | D:2      | Gained mutation: Your muscles are strong. (Str +2) [potion
                  | of mutation]
  2221 | D:3      | Noticed Sigmund
  2226 | D:3      | Learned a level 2 spell: Sticks to Snakes
  2513 | D:4      | Reached XP level 5. HP: 36/36 MP: 8/8
  2546 | D:4      | Reached skill level 3 in Transmutations
  2701 | D:4      | Reached skill level 4 in Transmutations
  2704 | D:4      | Reached XP level 6. HP: 24/41 MP: 7/9
  3093 | D:4      | Found a glowing golden altar of the Shining One.
  3228 | D:4      | Reached skill level 5 in Transmutations
  3331 | D:5      | Entered Level 5 of the Dungeon
  3339 | D:5      | Noticed Grinder
  3375 | D:4      | Learned a level 5 spell: Blade Hands
  4009 | D:3      | Killed Sigmund
  4009 | D:3      | Reached skill level 6 in Transmutations
  4009 | D:3      | Reached XP level 7. HP: 47/47 MP: 5/10
  4096 | D:5      | Paralysed by Grinder for 7 turns
  4100 | D:5      | Slain by a hound

Skill      XL: |  1  2  3  4  5  6 |
---------------+-------------------+-----
Stealth        | 1 2 |  2.2
Unarmed Combat | 4 |  4.2
Transmutations | 4 6 |  6.3
Fighting       | |  1.1
Dodging        | |  2.4
Spellcasting   | |  2.3

Action                   |  1- 3 |  4- 6 |  7- 9 || total
-------------------------+-------+-------+-------++-------
Melee: Unarmed           |    59 |   147 |     1 ||   207
       Constrict         |    18 |    33 |     1 ||    52
       Tentacles         |    10 |    21 |       ||    31
       Punch             |     2 |     7 |       ||     9
       Kick              |     1 |    10 |       ||    11
 Cast: Beastly Appendage |     2 |     3 |       ||     5
       Sticks to Snakes  |       |     3 |       ||     3
  Use: Scroll            |       |    10 |       ||    10
       Potion            |       |     2 |       ||     2
 Stab: Sleeping          |     6 |    10 |       ||    16
  Eat: Chunk             |       |     9 |       ||     9
Armor: Skin              |     5 |    18 |     1 ||    24
Dodge: Dodged            |    26 |    87 |     3 ||   116
